 Dungeon Crawl Stone Soup version 0.23.1-37-gaa34b87 (webtiles) character file.

Game seed: 17644513601645946259

1771 razor4143 the Cleaver (level 8, 0/64 HPs)
             Began as a Minotaur Fighter on Mar 28, 2019.
             Blown up by Pikel (15 damage)
             ... with a wand of disintegration (12)
             ... on level 6 of the Dungeon.
             The game lasted 00:08:07 (6803 turns).

razor4143 the Cleaver (Minotaur Fighter)            Turns: 6803, Time: 00:08:08

Health: 0/64       AC: 14    Str: 22 (23) XL:     8   Next: 80%
Magic:  7/7        EV:  4    Int:  5      God:
Gold:   273        SH:  9    Dex: 10      Spells: 7/7 levels left

rFire    + . .     SeeInvis +   a - +0 war axe
rCold    + . .     Gourm    .   c - +0 shield
rNeg     . . .     Faith    .   v - +0 plate armour
rPois    +         Spirit   .   (helmet restricted)
rElec    +         Reflect  .   (no cloak)
rCorr    +         Harm     .   (no gloves)
MR       .....                  (no boots)
Stlth    ..........             (no amulet)
HPRegen  0.20/turn              w - ring of see invisible
MPRegen  0.10/turn              (no ring)

@: resistant
A: retaliatory headbutt, horns 2
a: no special abilities


You were on level 6 of the Dungeon.
You were not hungry.

You visited 1 branch of the dungeon, and saw 7 of its levels.

You collected 273 gold pieces.

Inventory:

Hand Weapons
 a - a +0 war axe (weapon)
Missiles
 h - 9 tomahawks (quivered)
 m - an exploding tomahawk
Armour
 b - a +0 scale mail
 c - a +0 shield (worn)
 v - a +0 plate armour (worn)
Jewellery
 w - a ring of see invisible (left hand)
Wands
 p - a wand of scattershot (7)
 y - a wand of random effects (7)
 A - a wand of paralysis (10)
Scrolls
 g - 7 scrolls of remove curse
 l - 4 scrolls of teleportation
 n - 2 scrolls of enchant weapon {unknown}
 o - a scroll of enchant armour {unknown}
 q - 3 scrolls of identify
 x - a scroll of magic mapping {unknown}
 B - a scroll of acquirement {unknown}
Potions
 d - 3 potions of might
 i - a potion of heal wounds
 j - 4 potions of agility
 k - 2 potions of ambrosia
 r - 2 potions of lignification
 s - a potion of mutation
 t - a potion of curing
 u - a potion of magic
Comestibles
 f - 9 rations


   Skills:
 - Level 3.6 Fighting
 + Level 11.0 Axes
 + Level 9.0 Armour
 - Level 3.6 Shields


You had 7 spell levels left.
You didn't know any spells.
Your spell library was empty.

Dungeon Overview and Level Annotations

Branches:
Dungeon (7/15)             Temple (0/1) D:7

Altars:
Fedhas
Yredelemnul

Annotations:
D:6 Pikel


Innate Abilities, Weirdness & Mutations

You reflexively headbutt those who attack you in melee.
You have a pair of horns on your head.


Message History

Unknown command.
You feel protected. Pikel hits you but does no damage.
You closely miss Pikel. Your headbutt misses Pikel.
Pikel is lightly wounded.
Pikel zaps a wand.
You are blasted!
* * * LOW HITPOINT WARNING * * *
You slash Pikel!
Pikel is moderately wounded.
Pikel hits you but does no damage.
You hit Pikel but do no damage. You headbutt Pikel!
Pikel is heavily wounded.
Pikel barely misses you.
You slash Pikel! Your headbutt misses Pikel.
Pikel is almost dead.
You block Pikel's attack.
You closely miss Pikel. Your headbutt misses Pikel.
Pikel is almost dead.
Pikel zaps a wand.
You are blasted!
You die...

....# #.###....###.# #.#
....#####.# #......#.###.#
.......##(# ###.#........#
.......#..#####...##..####
.......#.###.)..####...# #
.......)...[[).....#.#.##########
.......))..........#........(....
......................##.#######.
>##.............@..#..##.## #...
.##............#K..##.##..# #.#.
.#.............#......###.## #.#.
.#.##..........##.#........###.##
...##..........##.###.#........##
..###..####..####.##............#
......## #.)## #.##....#.###.#..
...##.# #...###.##...##..##....
#...#.# #.#...#.########.#.....


You could see Pikel.

Vanquished Creatures
  Menkaure (D:4)
  A sky beast (D:5)
  An orc warrior (D:6)
  3 slaves (D:7)
  An ogre (D:5)
  A centaur (D:7)
  2 bullfrogs (D:6)
  A wyvern zombie (D:6)
  2 scorpions
  3 howler monkeys
  3 crimson imps
  A centaur zombie (D:6)
  4 hounds
  3 jellies
  A centaur skeleton (D:4)
  An orc priest (D:4)
  A bullfrog skeleton (D:6)
  6 orc wizards
  4 worker ants
  9 adders
  An ooze (D:4)
  An adder skeleton (D:5)
  3 dart slugs
  3 worms
  20 orcs
  7 bats
  3 giant cockroaches
  8 goblins
  7 hobgoblins
  12 jackals
  A quokka (D:3)
  A ball python (D:3)
  7 frilled lizards
  5 kobolds
  9 rats
137 creatures vanquished.

Notes
Turn   | Place    | Note
-------+----------+-------------------------------------------
     0 | D:1      | razor4143 the Minotaur Fighter began the quest for the Orb.
     0 | D:1      | Reached XP level 1. HP: 19/19 MP: 0/0
   295 | D:1      | Reached skill level 3 in Axes
   497 | D:1      | Reached XP level 2. HP: 26/26 MP: 1/1
   850 | D:1      | Reached skill level 4 in Axes
  1061 | D:2      | Reached XP level 3. HP: 27/31 MP: 2/2
  1173 | D:2      | Reached skill level 5 in Axes
  1577 | D:2      | Reached XP level 4. HP: 37/39 MP: 3/3
  1892 | D:3      | Reached skill level 6 in Axes
  2083 | D:3      | Reached XP level 5. HP: 40/45 MP: 4/4
  2822 | D:4      | Reached skill level 7 in Axes
  3470 | D:4      | Noticed Menkaure
  3475 | D:4      | Killed Menkaure
  3475 | D:4      | Reached skill level 8 in Axes
  3475 | D:4      | Reached XP level 6. HP: 41/51 MP: 5/5
  3654 | D:4      | Reached skill level 5 in Armour
  3737 | D:4      | Reached XP level 7. HP: 52/57 MP: 6/6
  3976 | D:5      | Entered Level 5 of the Dungeon
  4000 | D:5      | Found a basalt altar of Yredelemnul.
  4062 | D:5      | Found a transporter.
  4104 | D:5      | Reached skill level 9 in Axes
  4149 | D:5      | Found a transporter.
  4374 | D:5      | Found a blossoming altar of Fedhas.
  4728 | D:5      | Reached XP level 8. HP: 64/64 MP: 7/7
  5720 | D:6      | Reached skill level 10 in Axes
  6654 | D:7      | Found a staircase to the Ecumenical Temple.
  6677 | D:7      | Noticed Pikel
  6680 | D:7      | Reached skill level 11 in Axes
  6803 | D:6      | Blown up by Pikel

Skill      XL: |  1  2  3  4  5  6  7  8 |
---------------+-------------------------+-----
Axes           | 3 4 5 6 8 9 11 | 11.0
Armour         | 4 5 6 9 |  9.0
Fighting       | |  3.6
Shields        | |  3.6

Action                   |  1- 3 |  4- 6 |  7- 9 || total
-------------------------+-------+-------+-------++-------
Melee: War axe           |   108 |   138 |   207 ||   453
       Headbutt          |    13 |    14 |    29 ||    56
  Use: Scroll            |       |     5 |     5 ||    10
       Potion            |       |     1 |     5 ||     6
  Eat: Chunk             |     2 |     4 |     6 ||    12
       Ration            |       |     1 |     1 ||     2
Armor: Scale mail        |    60 |    45 |    39 ||   144
       Plate armour      |       |       |    29 ||    29
Dodge: Dodged            |    38 |    27 |    49 ||   114
Block: Shield            |    61 |    64 |   101 ||   226
